 Dungeon Crawl Stone Soup version 0.26-a0-667-g9264253 (webtiles) character file.

Game seed: 4552197649629521036

907 Mopster the Chopper (level 7, 0/61 HPs)
             Began as a Minotaur Berserker on Oct 17, 2020.
             Was an Elder of Trog.
             Slain by a gnoll
             ... wielding a +0 spear
              (5 damage)
             ... on level 6 of the Dungeon.
             The game lasted 00:15:05 (4031 turns).

Mopster the Chopper (Minotaur Berserker)            Turns: 4031, Time: 00:15:06

Health: 0/61       AC:  6    Str: 23    XL:     7   Next: 81%
Magic:  6/6        EV: 12    Int:  4    God:    Trog [****..]
Gold:   375        SH:  0    Dex: 10    Spells: 6/6 levels left

rFire    . . .     SeeInvis .   v - +0 dire flail
rCold    + . .     Faith    .   (shield currently unavailable)
rNeg     . . .     Spirit   .   s - +0 ring mail
rPois    .         Reflect  .   (helmet restricted)
rElec    .         Harm     .   (no cloak)
rCorr    .         Rampage  .   (no gloves)
MR       .....                  (no boots)
Stlth    +.........             (no amulet)
HPRegen  0.20/turn              t - ring of wizardry
MPRegen  0.10/turn              u - ring of protection from cold

@: no status effects
A: retaliatory headbutt, horns 2
a: Berserk, Trog's Hand, Brothers in Arms, Renounce Religion


You were on level 6 of the Dungeon.
You worshipped Trog.
Trog was greatly pleased with you.
You visited 1 branch of the dungeon, and saw 6 of its levels.

You collected 375 gold pieces.

Inventory:

Hand Weapons
 o - a +0 hand axe
 v - a +0 dire flail (weapon)
 x - a cursed +0 trident
 y - a cursed -1 mace
Armour
 f - a +0 kite shield
 s - a +0 ring mail (worn)
Jewellery
 t - a ring of wizardry (left hand)
 u - a ring of protection from cold (right hand)
 w - a cursed ring of attention {unknown}
Wands
 p - a wand of flame (33)
Scrolls
 a - 2 scrolls of amnesia {unknown}
 b - a scroll of random uselessness {unknown}
 d - 9 scrolls of identify {unknown}
 e - 8 scrolls of remove curse {unknown}
 i - a scroll of fear {unknown}
 j - 2 scrolls of enchant armour {unknown}
 l - 5 scrolls of teleportation {unknown}
 m - a scroll of blinking {unknown}
 n - a scroll of noise {unknown}
 r - 2 scrolls of fog {unknown}
Potions
 c - 3 potions of mutation {unknown}
 g - 2 potions of heal wounds {unknown}
 h - a potion of haste {unknown}
 k - 3 potions of curing {unknown}
 q - a potion of might {unknown}
 z - 4 potions of degeneration {unknown}


   Skills:
 * Level 5.4 Fighting
 * Level 6.9(7.1) Axes
 * Level 2.3(5.0) Maces & Flails
 * Level 5.3 Armour
 + Level 3.1 Dodging
 * Level 2.3 Stealth
 * Level 3.3 Shields


You had 6 spell levels left.
You didn't know any spells.
Your spell library was empty.

Dungeon Overview and Level Annotations

Branches:
Dungeon (6/15)             Temple (0/1) D:5

Altars:
Cheibriados
Hepliaklqana
Makhleb
Nemelex Xobeh
Qazlal
Ru
Xom


Innate Abilities, Weirdness & Mutations

You reflexively headbutt those who attack you in melee.
You have a pair of horns on your head.


Message History

The gnoll sergeant barely misses you.
You barely miss the gnoll sergeant.
You headbutt the gnoll sergeant, but do no damage.
The gnoll sergeant is almost dead.
The bullfrog hits you but does no damage.
The gnoll hits you from afar with a +0 spear.
The gnoll hits you but does no damage. The bullfrog barely misses you.
The gnoll sergeant misses you. The gnoll barely misses you.
You completely miss the gnoll sergeant.
Your headbutt misses the gnoll sergeant.
The gnoll sergeant is almost dead.
The bullfrog hits you. The gnoll hits you with a +0 spear.
* * * LOW HITPOINT WARNING * * *
The gnoll sergeant hits you with a +0 trident!
* * * LOW HITPOINT WARNING * * *
The bullfrog barely misses you. The gnoll closely misses you.
You hit the gnoll sergeant but do no damage.
The gnoll sergeant is almost dead.
The gnoll hits you with a +0 spear.
You die...

.##............ .
##.##...#.### ##. #
##.##... #.. #.#
### # #.# #.#
#.##.####.###'##
#...Z.....##...##
###F### ##.....##
#.@g?.###.......##
#g###.##.........##
#.g #..'.........'.
##. #)##>........#.
#. ...###.......##.
###.### ##.....###.
#.# ##...## #. #.#
##'## #. #.# #.# #.


You could see a gnoll sergeant, a bullfrog, 2 gnolls and a worker ant zombie.

Vanquished Creatures
  An ogre (D:5)
  A centaur (D:5)
  2 big kobolds (D:3)
  Blork the orc (D:4)
  3 scorpions
  A bullfrog skeleton (D:6)
  An orc wizard (D:4)
  3 iguanas
  A worker ant (D:5)
  A hound skeleton (D:6)
  A gnoll (D:6)
  6 adders
  3 white imps
  An ufetubus (D:6)
  An adder skeleton (D:5)
  3 worms (D:2)
  2 dart slugs (D:2)
  6 leopard geckos
  14 orcs
  11 bats
  3 giant cockroaches
  13 hobgoblins
  11 kobolds
  3 quokkas
  A ball python (D:2)
  7 frilled lizards
  9 goblins
  A jackal skeleton (D:4)
  A rat (D:2)
112 creatures vanquished.

Vanquished Creatures (others)
  An ogre (D:6)
  A worker ant (D:6)
  An orc (D:6)
  2 plants (D:6)
  7 withered plants (D:6)
12 creatures vanquished.

Grand Total: 124 creatures vanquished

Notes
Turn   | Place    | Note
-------+----------+-------------------------------------------
     0 | D:1      | Mopster the Minotaur Berserker began the quest for the Orb.
     0 | D:1      | Reached XP level 1. HP: 19/19 MP: 0/0
   132 | D:1      | Reached skill level 4 in Axes
   267 | D:1      | Reached XP level 2. HP: 27/27 MP: 1/1
   783 | D:1      | Reached ** piety under Trog
   910 | D:2      | Reached XP level 3. HP: 33/33 MP: 2/2
  1389 | D:2      | Reached XP level 4. HP: 36/41 MP: 3/3
  1844 | D:3      | Noticed a big kobold
  1933 | D:3      | Killed a big kobold
  1933 | D:3      | Reached skill level 5 in Axes
  1933 | D:3      | Reached skill level 1 in Shields
  1933 | D:3      | Reached XP level 5. HP: 47/47 MP: 4/4
  1937 | D:3      | Reached skill level 1 in Stealth
  2186 | D:3      | Found a sacrificial altar of Ru.
  2234 | D:3      | Reached *** piety under Trog
  2373 | D:3      | Found a sparkling altar of Nemelex Xobeh.
  2409 | D:3      | Reached XP level 6. HP: 53/53 MP: 5/5
  2624 | D:3      | Found a snail-covered altar of Cheibriados.
  2633 | D:3      | Found a burning altar of Makhleb.
  2780 | D:4      | Reached skill level 6 in Axes
  3093 | D:4      | Found a hazy altar of Hepliaklqana.
  3213 | D:4      | Noticed Blork the orc
  3219 | D:4      | Killed Blork the orc
  3319 | D:5      | Entered Level 5 of the Dungeon
  3340 | D:5      | Reached skill level 5 in Fighting
  3340 | D:5      | Reached XP level 7. HP: 41/61 MP: 6/6
  3341 | D:5      | Found a staircase to the Ecumenical Temple.
  3390 | D:5      | Reached skill level 1 in Maces & Flails
  3417 | D:5      | Reached skill level 5 in Armour
  3459 | D:5      | Found a stormy altar of Qazlal.
  3511 | D:5      | Found a snail-covered altar of Cheibriados.
  3546 | D:5      | You fall into a shaft and drop 1 floor!
  3622 | D:6      | Found a shimmering altar of Xom.
  3777 | D:6      | Reached **** piety under Trog
  4031 | D:6      | Slain by a gnoll

Illustrated notes

Levels and vault maps discovered:
D:1:      lemuel_arrival_behind_the_door_large, layout_basic, minivault_4,
          chequers_garden
D:2:      minmay_spotlight, layout_rooms, minmay_split_cup_small
D:3:      cheibrodos_thug_alley, layout_loops_ring,
          nicolae_overflow_crystal_walls, nemelex_xobeh_ov_fountains_minmay,
          amethyst_overflow_temple_binary
D:4:      layout_rooms, kennysheep_mini, uniq_blork_the_orc
D:5:      layout_gridville, led_sif_pool, minmay_temple_entry_junction_2,
          ebering_ghost_reflecting_pool, basic_altar, enter_ossuary_5,
          nicolae_qazlal_general_emergency, uniq_prince_ribbit1
D:6:      layout_loops_corners, grunt_temple_overflow_growth_and_decay,
          xom_confusion_cloud, basic_altar, cheibrodos_sewer_entry_drain

Skill      XL: |  1  2  3  4  5  6  7 |
---------------+----------------------+-----
Axes           | 4 5 6 |  6.9
Fighting       | 4 5 |  5.4
Armour         | 3 4 5 |  5.3
Shields        | 1 2 3 |  3.3
Stealth        | 1 2 |  2.3
Dodging        | 3 |  3.1
Maces & Flails | 2 |  2.3

Action                   |  1- 3 |  4- 6 |  7- 9 || total
-------------------------+-------+-------+-------++-------
Melee: Hand axe          |    99 |   115 |       ||   214
       Headbutt          |     8 |    22 |    19 ||    49
       Dire flail        |       |     7 |    66 ||    73
Invok: Berserk           |     1 |     4 |     1 ||     6
       Trog's Hand       |       |       |     1 ||     1
Armor: Animal skin       |     2 |       |       ||     2
       Ring mail         |    26 |    36 |    26 ||    88
Dodge: Dodged            |    54 |    44 |    80 ||   178
Block: Kite shield       |    32 |    38 |       ||    70

Table legend: (Time is in decaauts)
 A = Elapsed time spent in this place.
 B = Non-inter-level travel time spent in this place.
 C = Inter-level travel time spent in this place.
 D = Time resting spent in this place.
 E = Time spent auto-exploring this place.
 F = Levels seen in this place.
 G = Mean time per level.
                   A        B        C        D        E       F      G
               +--------+--------+--------+--------+--------+-----+--------+
         Total |   4122 |   3159 |    963 |    535 |   1760 |   6 |  687.0 |
       Dungeon |   4122 |   3159 |    963 |    535 |   1760 |   6 |  687.0 |
               +--------+--------+--------+--------+--------+-----+--------+

Top non-repeatable levels by time:
     D:3: 1088 daAuts
     D:1: 910 daAuts
     D:2: 796 daAuts
     D:4: 600 daAuts
     D:6: 486 daAuts
     D:5: 240 daAuts
